AoeStats
← Johnnyringo116

Enclosed

504520008Analyzed
1v1 RM · 27d ago on Sep 5, 2026· 65m 10s· 2 players
Game mode
Random Map
Map size
Tiny (2 player)
Population
200
Speed
Normal
Resources
Standard
Victory
Conquest
Starting age
Dark Age
Ending age
Imperial Age
RankedLock teamsTeams togetherTeam positionsShared explorationLock speedFull tech treeHidden civsTurbo modeCheats
Victory
Defeat
🇧🇷 Wei · Brazil
745
+17
🇺🇸 Japanese · United States
759
-19
Kiel
9:34 Feudal Age
11:09 Double-Bit Axe
12:07 Horse Collar
15:59 Bloodlines
17:33 Gold Mining
18:28 Scale Barding Armor
18:48 Loom
22:49 Castle Age
23:16 Forging
24:17 Gold Shaft Mining
23:56 Bow Saw
26:55 Heavy Plow
29:32 Husbandry
30:32 Stone Mining
32:23 Stone Shaft Mining
38:28 Wheelbarrow
39:44 Hand Cart
43:12 Tuntian
47:03 Iron Casting
46:48 Chain Barding Armor
46:29 Padded Archer Armor
46:20 Fletching
52:40 Imperial Age
52:47 Onager
52:52 Heavy Scorpion
55:12 Chemistry
54:36 Ballistics
53:56 Man-at-Arms
54:37 Squires
54:23 Arson
54:02 Pikeman
54:10 Heavy Hei Guang Cavalry
56:19 Elite Tiger Cavalry
58:38 Ming Guang Armor
59:23 Blast Furnace
58:19 Bodkin Arrow
Johnnyringo116
12:51 Feudal Age
16:21 Double-Bit Axe
17:10 Fletching
17:21 Padded Archer Armor
17:50 Horse Collar
22:53 Forging
22:49 Scale Barding Armor
26:29 Castle Age
26:36 Pikeman
26:43 Crossbowman
27:29 Thumb Ring
40:09 Bloodlines
40:01 Husbandry
39:23 Light Cavalry
44:38 Bow Saw
48:13 Chain Barding Armor
50:49 Wheelbarrow
54:41 Imperial Age
55:50 Kataparuto
54:58 Elite Samurai
55:20 Onager
62:47 Halberdier
Connection lost

Rejoining the realm…

Still unreachable

The connection could not be restored.

Session expired

The server has moved on; the page needs a fresh start.